 Dungeon Crawl Stone Soup version 0.18.1-8-gdd0e5ea (webtiles) character file.

41 Groucho the Insei (level 3, -4/23 HPs)
             Began as an Octopode Transmuter on May 22, 2016.
             Slain by a worm (10 damage)
             ... on level 2 of the Dungeon.
             The game lasted 00:02:12 (1243 turns).

Groucho the Insei (Octopode Transmuter)             Turns: 1243, Time: 00:02:13

Health: -4/23      AC:  1    Str: 10    XL:     3   Next: 52%
Magic:  6/7        EV: 12    Int: 15    God:
Gold:   69         SH:  0    Dex: 12    Spells: 1 memorised, 6 levels left

rFire  . . .     SeeInvis .       - Unarmed
rCold  . . .     Gourm    .     (no shield)
rNeg   . . .     Faith    .     (helmet restricted)
rPois  .         Spirit   .     (no amulet)
rElec  .         Dismiss  .     (no ring)
rCorr  .         Reflect  .     (no ring)
SustAt .         Harm     .     (no ring)
MR     .....                    (no ring)
Stlth  ++........               (no ring)
                                (no ring)
                                (no ring)
                                (no ring)

@: appendage, very slightly contaminated, hasted, very quick, not resistant to
hostile enchantments, unstealthy
A: almost no armour, amphibious, 8 rings, constrict 8, tentacle spike 3,
camouflage 1, gelatinous body 1
a: End Transformation


You were on level 2 of the Dungeon.
You were hungry.
One of your tentacles had a temporary spike.
You visited 1 branch of the dungeon, and saw 2 of its levels.

You collected 69 gold pieces.

Inventory:

Missiles
 a - 20 arrows
 e - 36 stones (quivered)
Jewellery
 m - a cursed ring of loudness {unknown}
Scrolls
 d - 2 scrolls of teleportation {unknown}
 g - 6 scrolls of immolation {unknown}
 h - 2 scrolls of noise {unknown}
 j - a scroll of blinking {unknown}
 k - a scroll of amnesia {unknown}
 l - a scroll of enchant weapon {unknown}
 p - a scroll of identify {unknown}
Potions
 n - a potion of curing {unknown}
 o - a potion of cure mutation {unknown}
Books
 b - a book of Changes

   Spells                             Type                      Level
   a - Beastly Appendage              Transmutation                1
   b - Sticks to Snakes               Transmutation                2
   c - Spider Form                    Transmutation/Poison         3
   d - Ice Form                       Ice/Transmutation            4
   e - Blade Hands                    Transmutation                5
Comestibles
 c - 3 bread rations
 f - a slice of pizza


   Skills:
 + Level 1.5 Fighting
 + Level 2.4 Dodging
 + Level 3.1 Unarmed Combat
 * Level 2.7 Spellcasting
 + Level 2.2 Transmutations


You had 6 spell levels left.
You knew the following spells:

 Your Spells              Type           Power        Failure   Level  Hunger
a - Beastly Appendage     Trmt           #.....       12%         1    #......


Dungeon Overview and Level Annotations

Branches:
Dungeon (2/15)

Altars:
Trog


Innate Abilities, Weirdness & Mutations

You cannot wear most types of armour.
You are amphibious.
You can wear up to eight rings at the same time.
You can use your tentacles to constrict eight enemies at once.
Your skin changes colour to match your surroundings (Stealth).
Your rubbery body absorbs attacks (AC +1).
One of your tentacles bears a large vicious spike.


Message History

The worm bites you! The worm bites you!
* * * LOW HITPOINT WARNING * * *
Drink which item? (? for menu, Esc to quit)
It was a potion of haste.
You feel yourself speed up.
You are very lightly contaminated with residual magic.
Casting: Beastly Appendage
Confirm with . or Enter, or press ? or * to list all spells.
Okay, then.
Casting: Beastly Appendage
Confirm with . or Enter, or press ? or * to list all spells.
One of your tentacles grows a vicious spike.
You tentacle-slap the worm. You grab the worm.
You pierce the worm.
The worm is moderately wounded.
You constrict the worm. You tentacle-slap the worm.
You pierce the worm, but do no damage.
The worm is heavily wounded.
You constrict the worm, but do no damage.
The worm bites you!
You die...

########### #.........#
#.........# ############
##.........###########...........
.......#........@w.w...##........
.........################........
.......#......... #...<....
######.#.......# #........
#####.#......# ### #........
#..##.#......# ..# #........
#....)......#### #.###...##..#
#.###.###......# #.#...##.....
#.###.##...###.#####.#.###..###.


You could see 2 worms.

Vanquished Creatures
  An adder (D:2)
  A worm (D:2)
  2 giant geckos (D:1)
  A ball python (D:2)
  2 bats (D:1)
  A giant cockroach (D:1)
  9 goblins (D:1)
  4 kobolds
  A giant newt (D:2)
  2 rats
24 creatures vanquished.

Vanquished Creatures (others)
  A giant cockroach (D:1)
  A rat (D:1)
2 creatures vanquished.

Grand Total: 26 creatures vanquished

Notes
Turn   | Place    | Note
--------------------------------------------------------------
     0 | D:1      | Groucho the Octopode Transmuter began the quest for the Orb.
     0 | D:1      | Reached XP level 1. HP: 13/13 MP: 3/3
    44 | D:1      | Reached XP level 2. HP: 10/18 MP: 5/5
   481 | D:1      | Reached XP level 3. HP: 21/23 MP: 6/6
  1113 | D:2      | Found a faded altar to an unknown god.
  1189 | D:2      | Found a bloodstained altar of Trog.
  1243 | D:2      | Slain by a worm

Action                   || total
-------------------------++-------
Melee: Unarmed           ||    51
       Constrict         ||    15
       Tentacles         ||     9
       Kick              ||     2
       Punch             ||     1
Throw: Stone             ||     2
 Cast: Beastly Appendage ||     2
  Use: Potion            ||     1
 Stab: Sleeping          ||     2
Armor: Skin              ||     5
Dodge: Dodged            ||    29
